 Dungeon Crawl Stone Soup version 0.18-a0-1273-g8ec5f8e (webtiles) character file.

15886 M4edhros the Unseen (level 12, 0/132 HPs)
             Began as an Octopode Artificer on Feb 8, 2016.
             Succumbed to a redback's poison
             ... on level 10 of the Dungeon.
             The game lasted 01:12:08 (74142 turns).

M4edhros the Unseen (Octopode Artificer)           Turns: 74142, Time: 01:12:08

Health: 0/132      AC: 27    Str: 17    XL:     12   Next: 31%
Magic:  21/21      EV:  5    Int: 29    God:    Xom [...*..]
Gold:   1720       SH:  9    Dex: 19    Spells: 0 memorised, 11 levels left

rFire  + . .     SeeInvis +     y - +8 dagger of Tuiffis {speed, Int+6 Dex+3}
rCold  . . .     Gourm    +     N - +0 shield of Action {rF+ MR+ Dex-3}
rNeg   + + +     Faith    .     G - amulet of the gourmand
rPois  +         Spirit   .     L - ring of resist corrosion
rElec  .         Dismiss  .     E - ring of Fragile Peace {AC+1 Stlth+}
rCorr  +         Reflect  .     B - ring of wizardry
SustAt +         Harm     .     p - +4 ring of dexterity
MR     +++..     Clarity  +     U - ring of wizardry
Stlth  ++++++++++ NoTele   +    W - ring of positive energy
                                Z - ring of sustain attributes
                                F - +3 ring of strength

@: lethally poisoned (0 -> -4), exhausted, tree-form (expiring), slowed, very
slow, extremely resistant to hostile enchantments, uncannily stealthy
A: almost no armour, amphibious, 8 rings, (constrict 8), (antennae 0), (tentacle
spike 0), repulsion field 2, (yellow scales 0), (camouflage 0), see invisible,
agile 1, blink, clarity, clever 2, (cold resistance 0), (fire resistance 0),
high mp 1, magic resistance 2, mutation resistance 2, sense surroundings 3,
(poison resistance), regeneration 1, robust 3, (shaggy fur 0), (electricity
resistance), strong 2, wild magic 3, (gelatinous body 0)
a: Blink, Renounce Religion


You were on level 10 of the Dungeon.
You worshipped Xom.
You were a favourite toy of Xom.
You were very full.
You were a tree.
You visited 2 branches of the dungeon, and saw 12 of its levels.
You also visited: Labyrinth.

You collected 2434 gold pieces.
You spent 714 gold pieces at shops.

Inventory:

Hand Weapons
 k - a +3 dagger of protection
 m - a +0 hunting sling of velocity
 o - a +4 longbow of evasion
 y - the +8 dagger of Tuiffis (weapon) {speed, Int+6 Dex+3}
   (You found it on level 5 of the Dungeon)

   Attacks with this weapon are significantly faster.
   It affects your intelligence (+6).
   It affects your dexterity (+3).
 C - a +0 blowgun
 J - the +1 greatsling of the Iron City of Dis {velocity, *Corrode *Confuse rF+++ MP+9}
   (Xom gifted it to you in the Ecumenical Temple)

   Any stone fired from it inflicts extra damage.
   It renders you almost immune to fire.
   It affects your magic capacity (+9).
   It may corrode your equipment when you take damage.
   It may confuse you when you take damage.
Missiles
 i - 538 stones (quivered)
 j - 4 curare-tipped needles
 K - 8 exploding tomahawks
 O - 98 arrows
 R - 40 poisoned needles
 T - 20 sling bullets
Armour
 h - a +2 hat of intelligence
 N - the +0 shield of Action (worn) {rF+ MR+ Dex-3}
   (You found it in a labyrinth)

   It affects your dexterity (-3).
   It protects you from fire.
   It affects your resistance to hostile enchantments.
Rods
 A - a +5 lightning rod (3/10)
   (Xom gifted it to you on level 10 of the Dungeon)
 H - a +9 rod of ignition (11/11)
   (Xom gifted it to you on level 4 of the Dungeon)
Jewellery
 p - a +4 ring of dexterity (on tentacle)
 B - a ring of wizardry (on tentacle)
 E - the ring of Fragile Peace (right branch) {AC+1 Stlth+}
   (You found it on level 7 of the Dungeon)

   [ring of protection]

   It affects your AC (+1).
   It makes you more stealthy.
 F - a +3 ring of strength (on tentacle)
 G - an amulet of the gourmand (around neck)
 L - a ring of resist corrosion (left branch)
 U - a ring of wizardry (on tentacle)
 W - a ring of positive energy (on tentacle)
 Z - a ring of sustain attributes (on tentacle)
Wands
 a - a wand of slowing (8/48)
 b - a wand of flame (14/48)
 c - a wand of enslavement (11/24)
 d - a wand of random effects (0/48)
 w - a wand of iceblast (1/15)
 P - a wand of confusion (20/48)
Scrolls
 e - a scroll of recharging
 l - 2 scrolls of enchant weapon
 n - a scroll of blinking
 q - a scroll of teleportation
 r - 6 scrolls of enchant armour
Potions
 t - 3 potions of might
 u - 3 potions of agility
 z - a potion of berserk rage
 M - a potion of resistance
Miscellaneous
 f - a phial of floods
 x - a lamp of fire
 Q - a disc of storms
 S - a lantern of shadows
 Y - a phantom mirror
Comestibles
 s - a bread ration
 v - 2 meat rations
 D - a royal jelly
 I - 2 fruits


   Skills:
 - Level 1.0 Fighting
 - Level 1.0 Short Blades
 * Level 12.3 Dodging
 * Level 16.6 Stealth
 * Level 2.7 Shields
 + Level 10.0 Evocations


You had 11 spell levels left.
You didn't know any spells.

Dungeon Overview and Level Annotations

Branches:
Dungeon (11/15)            Temple (1/1) D:4            Lair (0/8) D:11
    Orc (0/2) D:9

Altars:
Ashenzari
Cheibriados
Dithmenos
Elyvilon
Fedhas
Gozag
Kikubaaqudgha
Makhleb
Nemelex Xobeh
Okawaru
Pakellas
Qazlal
Ru
Sif Muna
Trog
Vehumet
Xom
Yredelemnul
Zin
The Shining One

Shops:
D:10 =

Annotations:
D:8 vatarom's ghost, novice HEFE


Innate Abilities, Weirdness & Mutations

You cannot wear most types of armour.
You are amphibious.
You can wear up to eight rings at the same time.
((You can use your tentacles to constrict eight enemies at once.))
((Your skin changes colour to match your surroundings (Stealth).))
((Your rubbery body absorbs attacks (AC +1).))
((You have a pair of large antennae on your head (SInv).))
((One of your tentacles bears a large vicious spike.))
You are surrounded by a moderate repulsion field (EV +3).
((You are partially covered in yellow scales (AC +2).))
You have supernaturally acute eyesight.
You are agile. (Dex +2)
You can translocate small distances at will.
You possess an exceptional clarity of mind.
Your mind is very acute. (Int +4)
((Your flesh is almost immune to the effects of cold.))
((Your flesh is almost immune to the effects of heat.))
You have an increased reservoir of magic (+10% MP).
You are highly resistant to hostile enchantments.
You are somewhat resistant to both further mutation and mutation removal.
You passively map a large area around you.
((Your system is resistant to poisons.))
Your natural rate of healing is unusually fast.
You are extremely robust (+30% HP).
((You are covered in thick fur (AC +2).))
((You are resistant to electric shocks.))
Your muscles are very strong. (Str +4)
Your spells are much harder to cast, but much more powerful.


Message History

* * * LOW HITPOINT WARNING * * *
You feel sick.
You feel your anger subside.
Your transformation is almost over.
You are no longer berserk.
You are exhausted.
You feel yourself slow down.
* * * LOW HITPOINT WARNING * * *
You feel sick.
Drink which item? (? for menu, Esc to quit)
Okay, then.
Eat which item? (? for menu, Esc to quit)
Okay, then.
Drink which item? (? for menu, Esc to quit)
Okay, then.
Read which item? (? for menu, Esc to quit)
You cannot teleport because you are held in place by your roots.
Read which item? (? for menu, Esc to quit)
Okay, then.
You die...
Xom snickers!

.#.......#...............#.......
.#.......#...............#.......
.#.......#...[##########.#.......
.#.......#....#........#.#......?
.#.......#...{#........#.########
.#.......#....#........#.........
.#.......#....#........#.........
.#....####..).###'######.........
.#....#.......>.♣5.†.............
.#....#....s##########...........
.######.....#........#.....######
............#........#.....'.....
............#........'.....#.....
..#####.....##########.....#.....
..'...#####................######
..'.......#...##########.........
..#.......#...#........##'####...


You could see a friendly redback (wandering) and a friendly ufetubus
(wandering).

Vanquished Creatures
  A minotaur (Lab)
  A deep troll (D:11)
  A sea snake (D:4)
  3 hill giants
  A cyclops (D:4)
  2 centaur skeletons
  2 gargoyles (Lab)
  A komodo dragon (D:10)
  A troll (D:11)
  Grinder (D:3)
  Prince Ribbit (D:7)
  2 two-headed ogres (D:11)
  5 redbacks
  15 yaks
  A hungry ghost (D:10)
  Eustachio (D:4)
  A hippogriff (D:11)
  A mottled dragon (D:7)
  A swamp worm (D:4)
  A soldier ant (D:11)
  A water moccasin (D:10)
  2 sky beasts
  3 ice beasts
  4 phantoms
  A black bear (D:7)
  7 ogres
  3 centaurs
  A crocodile (D:10)
  2 big kobolds
  8 giant frogs
  6 scorpions
  17 wights
  The ghost of M4edhros the Charlatan, a weakling OpAr (D:3)
  4 crimson imps
  2 giant frog zombies
  An iron imp (D:7)
  2 jellies
  6 giant frog skeletons
  An orc priest (D:5)
  7 hounds
  6 orc wizards
  9 iguanas
  Ijyb (D:2)
  6 worker ants
  A sheep (D:11)
  A hound skeleton (D:5)
  7 gnolls
  17 adders
  A river rat (D:6)
  2 oozes
  3 adder skeletons
  3 worms
  3 giant geckos
  30 orcs
  8 giant cockroaches
  19 goblins
  8 hobgoblins
  21 jackals
  3 quokkas
  20 bats
  8 giant newts
  A jackal zombie (D:5)
  22 kobolds
  9 rats
331 creatures vanquished.

Vanquished Creatures (collateral kills)
  An ogre mage (D:4)
  A troll (D:9)
  A two-headed ogre (D:4)
  6 yaks
  An ice beast (D:10)
  3 ogres (D:4)
  A giant frog (D:10)
  2 wights (D:9)
  2 centaur zombies
  A centaur skeleton (D:11)
  An iguana (D:9)
20 creatures vanquished.

Vanquished Creatures (others)
  A lightning spire (D:8)
  2 bushes (D:8)
3 creatures vanquished.

Grand Total: 354 creatures vanquished

Notes
Turn   | Place    | Note
--------------------------------------------------------------
     0 | D:1      | M4edhros the Octopode Artificer began the quest for the Orb.
     0 | D:1      | Reached XP level 1. HP: 13/13 MP: 3/3
   260 | D:1      | Reached XP level 2. HP: 18/18 MP: 4/4
   680 | D:2      | Reached XP level 3. HP: 15/23 MP: 5/5
   820 | D:3      | Noticed M4edhros's ghost (weakling OpAr)
  1165 | D:2      | Noticed Ijyb
  1178 | D:2      | Reached XP level 4. HP: 19/28 MP: 6/6
  1191 | D:2      | Killed Ijyb
  1191 | D:2      | Reached skill level 4 in Stealth
  1628 | D:3      | Found a blossoming altar of Fedhas.
  1642 | D:4      | Reached XP level 5. HP: 28/33 MP: 6/8
  1689 | D:4      | Found Boskyl's Food Shop.
  1764 | D:4      | Found a radiant altar of Vehumet.
  1812 | D:4      | Reached skill level 5 in Stealth
  2122 | D:4      | Noticed Eustachio
  2136 | D:4      | Killed Eustachio
  2136 | D:4      | Reached skill level 6 in Stealth
  2136 | D:4      | Reached XP level 6. HP: 28/38 MP: 9/9
  2293 | D:4      | Found a staircase to the Ecumenical Temple.
  2301 | Temple   | Entered the Ecumenical Temple
  2365 | Temple   | Became a worshipper of Xom of Chaos
  2369 | Temple   | XOM: silly message
  2604 | D:4      | XOM: harmless Necr miscast
  2636 | D:4      | XOM: silly message
  2714 | D:5      | Entered Level 5 of the Dungeon
  2796 | D:5      | XOM: harmless Chrm miscast
  2806 | D:5      | XOM: potion effect (heal wounds)
  2807 | D:5      | Gained mutation: You are robust (+10% HP). [potion of beneficial mutation]
  2811 | D:5      | XOM: potion effect (invisibility)
  2817 | D:5      | Reached XP level 7. HP: 21/47 MP: 10/10
  2950 | D:5      | Got a bloodstained dagger
  2951 | D:5      | Identified the +8 dagger of Tuiffis {speed, Int+6 Dex+3} (You found it on level 5 of the Dungeon)
  3082 | D:5      | Reached skill level 7 in Stealth
  3173 | D:5      | XOM: harmless Summ miscast
  3174 | D:5      | Reached skill level 5 in Dodging
  3314 | D:5      | XOM: potion effect (curing)
  3316 | D:5      | Reached skill level 5 in Evocations
  3500 | D:5      | XOM: harmless Fire miscast
  3574 | D:4      | XOM: butterfly on damage
  3579 | D:4      | Reached skill level 8 in Stealth
  3617 | Temple   | XOM: 2-stop teleportation journey
  3656 | Temple   | XOM: colour smoke trail
  3774 | Temple   | XOM: god gift: beef jerky
  3840 | Temple   | XOM: give mutation
  3840 | Temple   | Gained mutation: Your muscles are strong. (Str +2) [Xom's grace]
  4032 | Temple   | XOM: god gift: 52 gold pieces
  5235 | Temple   | XOM: vitrification
  5340 | Temple   | XOM: god gift: 26 stones
  5857 | Temple   | XOM: divination: detect creatures
  5967 | Temple   | XOM: god gift: 35 gold pieces
  6063 | Temple   | XOM: 3-stop teleportation journey
  6388 | Temple   | XOM: medium Tloc miscast
  7182 | Temple   | XOM: give mutations
  7182 | Temple   | Gained mutation: You are surrounded by a mild repulsion field (EV +2). [Xom's grace]
  7182 | Temple   | Gained mutation: One of your tentacles bears a spike. [Xom's grace]
  7182 | Temple   | Gained mutation: You are partially covered in yellow scales (AC +2). [Xom's grace]
  7182 | Temple   | Gained mutation: Your flesh is heat resistant. [Xom's grace]
  7849 | Temple   | XOM: god gift: worn gold wand {god gift}
  8006 | Temple   | XOM: 1-stop teleportation journey
  8282 | Temple   | XOM: vitrification
  8581 | Temple   | XOM: 4-stop teleportation journey
  8814 | Temple   | XOM: 3-stop teleportation journey
  9131 | Temple   | XOM: 3-stop teleportation journey
  9155 | D:4      | XOM is BORED!
  9155 | D:4      | XOM: summons 1 hostile demon
  9178 | D:5      | Reached XP level 8. HP: 52/52 MP: 11/11
  9263 | D:6      | XOM: give mutations
  9263 | D:6      | Gained mutation: You are clumsy. (Dex -2) [Xom's mischief]
  9263 | D:6      | Lost mutation: Your muscles are strong. (Str +2) [Xom's mischief]
  9263 | D:6      | Gained mutation: You are weak. (Str -2) [Xom's mischief]
  9263 | D:6      | Lost mutation: One of your tentacles bears a spike. [Xom's mischief]
  9683 | D:6      | Reached skill level 9 in Stealth
 10249 | D:7      | Got an ancient amber ring
 10250 | D:7      | Identified the ring of Fragile Peace {AC+1 Stlth+} (You found it on level 7 of the Dungeon)
 10319 | D:7      | Noticed Prince Ribbit
 10362 | D:7      | Reached skill level 10 in Stealth
 10490 | D:4      | Bought a bread ration for 60 gold pieces
 10490 | D:4      | Bought a meat ration for 60 gold pieces
 10490 | D:4      | Bought a meat ration for 60 gold pieces
 10490 | D:4      | Bought a bread ration for 60 gold pieces
 10490 | D:4      | Bought a meat ration for 60 gold pieces
 10574 | D:4      | XOM: god gift: gnarled smoking rod {god gift}
 10576 | D:4      | Identified a +9 rod of ignition (11/11) (Xom gifted it to you on level 4 of the Dungeon)
 10769 | D:4      | XOM: colour smoke trail
 12242 | D:4      | XOM: god gift: scroll labeled HUOLUS IS FEFAA
 12909 | D:4      | XOM: god gift: 1650 gold pieces
 12919 | D:4      | Bought a meat ration for 60 gold pieces
 12919 | D:4      | Bought a meat ration for 60 gold pieces
 12919 | D:4      | Bought a meat ration for 60 gold pieces
 12919 | D:4      | Bought a meat ration for 60 gold pieces
 12919 | D:4      | Bought a bread ration for 60 gold pieces
 12919 | D:4      | Bought 2 fruits for 36 gold pieces
 12919 | D:4      | Bought a meat ration for 60 gold pieces
 12919 | D:4      | Bought a beef jerky for 18 gold pieces
 13287 | D:4      | XOM: vitrification
 13326 | D:4      | Noticed a two-headed ogre
 13329 | D:4      | Noticed a two-headed ogre
 13347 | D:4      | Noticed an ogre mage
 13402 | D:4      | Reached XP level 9. HP: 37/58 MP: 13/13
 13453 | D:4      | Killed a two-headed ogre
 13461 | D:4      | Killed an ogre mage
 13461 | D:4      | Reached skill level 11 in Stealth
 15205 | Temple   | XOM: harmless Trmt miscast
 15279 | Temple   | XOM: silly message
 15434 | Temple   | XOM: 2-stop teleportation journey
 15477 | Temple   | XOM: god gift: metallic orange potion
 15655 | Temple   | XOM: god gift: chain mail {god gift}
 15805 | Temple   | XOM: god gift: morningstar {god gift}
 16387 | Temple   | XOM: noise
 16790 | D:4      | XOM is BORED!
 16790 | D:4      | XOM: medium Erth miscast
 16846 | D:4      | XOM: give mutations
 16846 | D:4      | Gained mutation: You are very clumsy. (Dex -4) [Xom's mischief]
 16846 | D:4      | Lost mutation: You are weak. (Str -2) [Xom's mischief]
 16846 | D:4      | Lost mutation: You are robust (+10% HP). [Xom's mischief]
 16869 | D:5      | XOM: confuse monster(s)
 16979 | D:5      | XOM: silly message
 17154 | D:4      | XOM: fog
 17753 | Temple   | XOM: give mutations
 17753 | Temple   | Gained mutation: You have supernaturally acute eyesight. [Xom's mischief]
 17753 | Temple   | Lost mutation: You have supernaturally acute eyesight. [Xom's mischief]
 17769 | Temple   | XOM: vitrification
 17855 | Temple   | XOM: 2-stop teleportation journey
 17884 | Temple   | XOM: 2-stop teleportation journey
 18621 | Temple   | XOM: divination: magic mapping
 19040 | Temple   | XOM: 3-stop teleportation journey
 19196 | Temple   | XOM: god gift: embroidered hat {god gift}
 19417 | Temple   | XOM: 4-stop teleportation journey
 19884 | Temple   | XOM: god gift: glowing longbow {god gift}
 20730 | Temple   | XOM: god gift: polished shield {god gift}
 20731 | Temple   | Got a polished shield {god gift}
 20738 | Temple   | Identified the -4 shield "Aketyok" {rF+ MP+9 Str-4 Stlth+} (Xom gifted it to you in the Ecumenical Temple)
 20776 | Temple   | XOM: give mutations
 20776 | Temple   | Gained mutation: One of your tentacles bears a spike. [Xom's grace]
 20776 | Temple   | Gained mutation: Your spells are a little harder to cast, but a little more powerful. [Xom's grace]
 20776 | Temple   | Gained mutation: You have an increased reservoir of magic (+10% MP). [Xom's grace]
 20776 | Temple   | Gained mutation: One of your tentacles bears a nasty spike. [Xom's grace]
 20944 | Temple   | XOM: god gift: 7 meat rations
 20978 | Temple   | XOM: give mutations
 20978 | Temple   | Gained mutation: You evolve. [Xom's grace]
 20978 | Temple   | Gained mutation: You passively map a small area around you. [Xom's grace]
 21215 | Temple   | XOM: medium Air miscast
 21322 | Temple   | XOM: 7-stop teleportation journey
 21666 | Temple   | XOM: 1-stop teleportation journey
 21800 | Temple   | XOM: give mutations
 21800 | Temple   | Gained mutation: One of your tentacles bears a large vicious spike. [Xom's grace]
 21800 | Temple   | Gained mutation: Your mind is acute. (Int +2) [Xom's grace]
 21800 | Temple   | Gained mutation: You rapidly evolve. [Xom's grace]
 22454 | Temple   | Lost mutation: You have an increased reservoir of magic (+10% MP). [evolution]
 23368 | Temple   | XOM: cast spell 'Necromutation'
 23755 | Temple   | XOM: give mutations
 23755 | Temple   | Gained mutation: You have a pair of small antennae on your head. [Xom's grace]
 23755 | Temple   | Gained mutation: You are robust (+10% HP). [Xom's grace]
 23755 | Temple   | Gained mutation: You are very robust (+20% HP). [Xom's grace]
 23755 | Temple   | Gained mutation: Your flesh is very heat resistant. [Xom's grace]
 24044 | Temple   | XOM: god gift: phial of floods
 24103 | Temple   | XOM: 7-stop teleportation journey
 24252 | D:4      | XOM: confuse monster(s)
 24356 | Temple   | XOM: god gift: chain mail {god gift}
 24487 | Temple   | XOM: summons 2 hostile demons
 24877 | Temple   | XOM: god gift: twisted greatsling {god gift}
 24878 | Temple   | Got a twisted greatsling {god gift}
 24879 | Temple   | Identified the +1 greatsling of the Iron City of Dis {velocity, *Corrode *Confuse rF+++ MP+9} (Xom gifted it to you in the Ecumenical Temple)
 24955 | Temple   | XOM: 3-stop teleportation journey
 24982 | Temple   | XOM: god gift: fine robe {god gift}
 24983 | Temple   | Got a fine robe {god gift}
 25328 | Temple   | XOM: harmless Necr miscast
 26548 | Temple   | XOM: god gift: fruit
 26855 | Temple   | XOM: colour smoke trail
 27925 | Temple   | XOM: silly message
 28050 | Temple   | XOM: give mutation
 28050 | Temple   | Lost mutation: Your flesh is very heat resistant. [Xom's mischief]
 28272 | D:4      | XOM is BORED!
 28272 | D:4      | XOM: mild Chrm miscast
 28286 | D:4      | Noticed a sea snake
 28286 | D:4      | a two-headed ogre changed into a sea snake
 28286 | D:4      | XOM: polymorph two-headed ogre -> sea snake
 28599 | D:4      | XOM: mild Fire miscast
 28626 | D:4      | XOM: blink monster(s)
 29154 | D:4      | XOM: god gift: chain mail {god gift}
 29567 | D:4      | XOM: god gift: 8 exploding tomahawks
 30512 | Temple   | XOM: god gift: silver ring {god gift}
 30523 | Temple   | XOM: cast spell 'Summon Butterflies'
 30642 | Temple   | XOM: god gift: 2 fizzy clear potions
 30673 | Temple   | XOM: colour smoke trail
 31583 | Temple   | XOM: give mutation
 31583 | Temple   | Gained mutation: You are extremely robust (+30% HP). [Xom's grace]
 32018 | Temple   | XOM: 7-stop teleportation journey
 32092 | Temple   | XOM: god gift: leather armour {god gift}
 32708 | Temple   | XOM: god gift: metal-bound book {god gift}
 32939 | D:4      | Noticed a centaur warrior
 32939 | D:4      | XOM: harmless Necr miscast
 32940 | D:4      | a centaur warrior changed into a swamp worm
 32943 | D:4      | XOM: butterfly on damage
 33110 | D:5      | XOM: silly message
 34617 | Temple   | XOM: harmless Divn miscast
 34619 | Temple   | XOM: harmless Fire miscast
 34719 | Temple   | XOM: medium Conj miscast
 35326 | Temple   | XOM: divination: detect creatures
 36181 | Temple   | XOM: harmless Hex miscast
 37044 | Temple   | XOM: cast spell 'Hydra Form'
 37605 | Temple   | XOM: harmless Necr miscast
 37752 | Temple   | XOM: mild Erth miscast
 37937 | Temple   | XOM: divination: detect creatures
 38190 | Temple   | XOM: harmless Trmt miscast
 38221 | Temple   | XOM: divination: detect creatures
 38702 | Temple   | XOM: silly message
 38828 | Temple   | XOM is BORED!
 38828 | Temple   | XOM: medium Fire miscast
 39245 | D:4      | XOM: harmless Divn miscast
 39285 | D:4      | Killed a sea snake
 39285 | D:4      | Reached skill level 12 in Stealth
 39285 | D:4      | Reached XP level 10. HP: 75/75 MP: 15/15
 39863 | D:4      | XOM: give mutations
 39863 | D:4      | Gained mutation: You have supernaturally acute eyesight. [Xom's grace]
 39863 | D:4      | Gained mutation: You are partially covered in large bone plates (AC +2, SH +2). [Xom's grace]
 39884 | D:4      | XOM: god gift: robe {god gift}
 39905 | D:4      | XOM: noise
 39989 | Temple   | XOM: medium Air miscast
 40925 | Temple   | XOM: god gift: 50 gold pieces
 41858 | Temple   | XOM: 3-stop teleportation journey
 41921 | Temple   | XOM: vitrification
 42017 | Temple   | XOM: 2-stop teleportation journey
 43035 | Temple   | XOM: colour smoke trail
 43260 | D:7      | XOM: mild Tloc miscast
 43274 | D:7      | Killed Prince Ribbit
 43308 | D:7      | XOM: harmless Erth miscast
 43328 | D:7      | XOM: polymorph crimson imp -> iron imp
 43420 | D:7      | Reached skill level 13 in Stealth
 43637 | D:7      | Lost mutation: Your spells are a little harder to cast, but a little more powerful. [evolution]
 43823 | D:8      | Found a basalt altar of Yredelemnul.
 43823 | D:8      | Found an iron altar of Okawaru.
 43823 | D:8      | Found a glowing golden altar of the Shining One.
 43823 | D:8      | XOM: 1-stop teleportation journey
 43828 | D:8      | Found an oddly glowing altar of Pakellas.
 43828 | D:8      | Found a sparkling altar of Nemelex Xobeh.
 43829 | D:8      | Found a glowing silver altar of Zin.
 43829 | D:8      | Found a stormy altar of Qazlal.
 43933 | D:8      | Lost mutation: You are partially covered in yellow scales (AC +2). [potion of mutation]
 43933 | D:8      | Lost mutation: Your mind is acute. (Int +2) [potion of mutation]
 43933 | D:8      | Lost mutation: You are very clumsy. (Dex -4) [potion of mutation]
 43934 | D:8      | Noticed vatarom's ghost (novice HEFE)
 43934 | D:8      | Lost mutation: You are partially covered in large bone plates (AC +2, SH +2). [potion of mutation]
 43934 | D:8      | Lost mutation: You are extremely robust (+30% HP). [potion of mutation]
 43934 | D:8      | Lost mutation: You are clumsy. (Dex -2) [potion of mutation]
 43935 | D:8      | Gained mutation: You passively map the area around you. [potion of mutation]
 44025 | D:7      | XOM: mild Conj miscast
 44094 | D:8      | Got a fine great mace
 44095 | D:8      | Identified the cursed +3 great mace of Armageddon {drain, *Corrode rElec rN+ MP+9} (You found it on level 8 of the Dungeon)
 44216 | D:8      | Found an oddly glowing altar of Pakellas.
 44217 | D:8      | Noticed an ice dragon
 44983 | D:9      | Found a staircase to the Orcish Mines.
 45447 | D:9      | XOM: harmless Summ miscast
 45463 | D:9      | XOM: medium Trmt miscast
 46405 | D:8      | XOM: noise
 46433 | D:8      | XOM: medium Tloc miscast
 46626 | D:4      | XOM: give mutations
 46626 | D:4      | Gained mutation: Your spells are a little harder to cast, but a little more powerful. [Xom's grace]
 46626 | D:4      | Gained mutation: You are partially covered in yellow scales (AC +2). [Xom's grace]
 47425 | D:4      | XOM: colour smoke trail
 47697 | D:4      | XOM: harmless Erth miscast
 48136 | D:4      | XOM: cast spell 'Hydra Form'
 48248 | D:4      | Noticed a cyclops
 48251 | D:4      | XOM: cast spell 'Call Canine Familiar'
 48257 | D:4      | Killed a cyclops
 48257 | D:4      | Reached skill level 10 in Dodging
 48257 | D:4      | Reached skill level 14 in Stealth
 48402 | Temple   | XOM: give mutations
 48402 | Temple   | Gained mutation: You have a pair of antennae on your head. [Xom's grace]
 48402 | Temple   | Gained mutation: You are covered in fur (AC +1). [Xom's grace]
 48402 | Temple   | Gained mutation: Your mind is acute. (Int +2) [Xom's grace]
 48402 | Temple   | Gained mutation: Your flesh is very heat resistant. [Xom's grace]
 48801 | Temple   | XOM: vitrification
 49086 | Temple   | XOM: god gift: sparkling book {god gift}
 49087 | Temple   | Identified Xom's Advanced Guide to Spellweaving (Xom gifted it to you in the Ecumenical Temple)
 49523 | Temple   | XOM: give mutation
 49523 | Temple   | Gained mutation: Your flesh is cold resistant. [Xom's grace]
 49629 | Temple   | XOM: god gift: potion of might
 50070 | Temple   | XOM: god gift: 17 gold pieces
 50086 | Temple   | XOM: give mutations
 50086 | Temple   | Lost mutation: You rapidly evolve. [Xom's grace]
 50086 | Temple   | Lost mutation: You evolve. [Xom's grace]
 50086 | Temple   | Gained mutation: You are somewhat resistant to further mutation. [Xom's grace]
 50086 | Temple   | Gained mutation: Your natural rate of healing is unusually fast. [Xom's grace]
 50121 | Temple   | XOM: 1-stop teleportation journey
 50319 | Temple   | XOM: 4-stop teleportation journey
 50505 | Temple   | XOM is BORED!
 50505 | Temple   | XOM: noise
 50679 | Temple   | XOM: 2-stop teleportation journey
 50895 | Temple   | XOM: give mutations
 50895 | Temple   | Gained mutation: You are somewhat resistant to both further mutation and mutation removal. [Xom's grace]
 50895 | Temple   | Gained mutation: Your spells are harder to cast, but more powerful. [Xom's grace]
 50910 | D:4      | XOM: colour smoke trail
 51108 | D:3      | XOM: harmless Air miscast
 51124 | D:3      | Killed M4edhros's ghost
 51576 | D:3      | XOM: divination: detect items
 52009 | D:3      | XOM: 2-stop teleportation journey
 52153 | D:3      | XOM: god gift: war axe {god gift}
 52191 | D:3      | Noticed Grinder
 52201 | D:3      | Killed Grinder
 52584 | D:3      | XOM: god gift: 22 stones
 52675 | D:3      | XOM: give mutations
 52675 | D:3      | Gained mutation: Your mind is very acute. (Int +4) [Xom's grace]
 52675 | D:3      | Gained mutation: You passively map a large area around you. [Xom's grace]
 52818 | D:3      | XOM is BORED!
 52818 | D:3      | XOM: summons 5 hostile demons
 52994 | D:3      | XOM: god gift: lantern of shadows
 53032 | D:3      | XOM: divination: detect creatures
 53049 | D:3      | XOM: give mutations
 53049 | D:3      | Gained mutation: Your muscles are strong. (Str +2) [Xom's grace]
 53049 | D:3      | Gained mutation: Your muscles are very strong. (Str +4) [Xom's grace]
 53049 | D:3      | Gained mutation: You possess an exceptional clarity of mind. [Xom's grace]
 53049 | D:3      | Gained mutation: You are agile. (Dex +2) [Xom's grace]
 53197 | D:3      | XOM: scenery: create altars
 53444 | D:3      | XOM: vitrification
 54226 | D:3      | XOM: give mutations
 54226 | D:3      | Gained mutation: You are partially covered in icy blue scales (AC +1). [Xom's grace]
 54226 | D:3      | Gained mutation: Your flesh is very cold resistant. [Xom's grace]
 54226 | D:3      | Gained mutation: You are very agile. (Dex +4) [Xom's grace]
 54690 | D:3      | XOM: vitrification
 54742 | D:3      | XOM: divination: detect creatures
 54805 | D:6      | XOM is BORED!
 54805 | D:6      | XOM: medium Air miscast
 54919 | D:9      | XOM: divination: detect items
 55189 | D:3      | XOM: noise
 55662 | D:3      | XOM: scenery: create altars
 56042 | D:2      | Found an ancient bone altar of Kikubaaqudgha.
 56047 | D:2      | XOM: vitrification
 56116 | D:2      | Found a bloodstained altar of Trog.
 56116 | D:2      | Found a deep blue altar of Sif Muna.
 56543 | D:3      | XOM: god gift: moonstone ring {god gift}
 56567 | D:3      | XOM: cast spell 'Summon Butterflies'
 57167 | D:1      | XOM: vitrification
 57263 | D:1      | XOM: 3-stop teleportation journey
 58039 | D:1      | XOM: god gift: scroll labeled OPSIMIDGH EWEX
 58234 | D:1      | XOM: harmless Ice miscast
 58813 | D:1      | XOM: give mutations
 58813 | D:1      | Gained mutation: Your flesh is almost immune to the effects of heat. [Xom's grace]
 58813 | D:1      | Gained mutation: You are extremely robust (+30% HP). [Xom's grace]
 58813 | D:1      | Gained mutation: Your system is resistant to poisons. [Xom's grace]
 58813 | D:1      | Lost mutation: You are somewhat resistant to both further mutation and mutation removal. [Xom's grace]
 58813 | D:1      | Lost mutation: You are somewhat resistant to further mutation. [Xom's grace]
 58813 | D:1      | Gained mutation: You evolve. [Xom's grace]
 58901 | D:1      | XOM: divination: detect creatures
 59043 | D:1      | XOM: vitrification
 59294 | D:1      | XOM: scenery: 1 doors open
 59623 | D:1      | XOM: give mutations
 59623 | D:1      | Gained mutation: Your flesh is almost immune to the effects of cold. [Xom's grace]
 59623 | D:1      | Gained mutation: You can translocate small distances at will. [Xom's grace]
 59623 | D:1      | Gained mutation: You have an increased reservoir of magic (+10% MP). [Xom's grace]
 59697 | D:1      | XOM: summons 2 hostile demons
 59724 | D:1      | XOM: 1-stop teleportation journey
 59960 | D:1      | XOM: scenery: create altars
 60138 | D:1      | XOM: medium Pois miscast
 60284 | D:1      | XOM: god gift: glass ring {god gift}
 60611 | D:1      | XOM: summons 3 hostile shadow creatures
 60869 | D:1      | XOM: harmless Air miscast
 61096 | D:1      | Reached XP level 11. HP: 81/81 MP: 19/19
 61318 | D:1      | XOM: mild Pois miscast
 61423 | D:1      | XOM: medium Erth miscast
 61849 | D:1      | XOM is BORED!
 61849 | D:1      | XOM: noise
 62043 | D:9      | XOM: silly message
 62049 | D:9      | XOM: silly message
 62154 | D:9      | XOM: vitrification
 62244 | D:6      | XOM: give mutations
 62244 | D:6      | Lost mutation: You are partially covered in icy blue scales (AC +1). [Xom's mischief]
 62244 | D:6      | Lost mutation: You are partially covered in yellow scales (AC +2). [Xom's mischief]
 62244 | D:6      | Lost mutation: You possess an exceptional clarity of mind. [Xom's mischief]
 62338 | D:6      | XOM: give mutations
 62338 | D:6      | Gained mutation: You are surrounded by a moderate repulsion field (EV +3). [Xom's grace]
 62338 | D:6      | Gained mutation: You are partially covered in yellow scales (AC +2). [Xom's grace]
 62541 | D:6      | XOM: vitrification
 62804 | D:10     | Entered Level 10 of the Dungeon
 62859 | D:10     | XOM: god gift: hand crossbow {god gift}
 63124 | D:10     | XOM: scenery: 1 doors close
 63261 | D:10     | XOM: god gift: 31 stones
 63370 | D:10     | XOM: mild Tloc miscast
 63655 | D:10     | XOM: 1-stop teleportation journey
 63666 | D:10     | XOM: summons friendly crimson imp
 63670 | D:10     | Noticed a hill giant
 63675 | D:10     | XOM: cast spell 'Summon Dragon'
 63677 | D:10     | XOM: 1-stop teleportation journey
 63681 | D:10     | Found Vilayca's Jewellery Shoppe.
 63723 | D:10     | XOM: confuse monster(s)
 63832 | D:10     | XOM: divination: detect items
 63884 | D:10     | XOM: medium Tloc miscast
 63966 | D:10     | Reached skill level 15 in Stealth
 64372 | D:10     | Killed a hill giant
 64396 | D:10     | XOM: noise
 64429 | D:10     | XOM: 2-stop teleportation journey
 64471 | D:10     | XOM: silly message
 65076 | D:10     | XOM: mild Summ miscast
 65837 | D:10     | XOM: torment (46/81 hp)
 66006 | D:11     | Noticed a hill giant
 66009 | D:11     | Killed a hill giant
 66019 | D:11     | Noticed a hill giant
 66052 | D:11     | Killed a hill giant
 66076 | D:11     | Found a labyrinth entrance.
 66081 | Lab      | Entered a labyrinth
 66365 | Lab      | XOM: summons 5 hostile demons
 66520 | Lab      | Noticed a minotaur
 66521 | Lab      | XOM: enchant monster (good)
 66535 | Lab      | Got a fine shield
 66541 | Lab      | Identified the cursed +0 shield of Action {rF+ MR+ Dex-3} (You found it in a labyrinth)
 66552 | Lab      | Killed a minotaur
 66702 | D:11     | Noticed a hill giant
 66706 | D:11     | XOM: harmless Pois miscast
 66710 | D:11     | Noticed a deep troll
 66710 | D:11     | a hill giant changed into a deep troll
 66710 | D:11     | XOM: polymorph hill giant -> deep troll
 66816 | D:11     | XOM: silly message
 66962 | D:11     | XOM: confuse monster(s)
 66967 | D:11     | Reached skill level 16 in Stealth
 67024 | D:11     | XOM: divination: detect creatures
 67076 | D:11     | XOM: harmless Necr miscast
 68274 | D:11     | XOM: divination: detect creatures
 68522 | D:11     | Reached XP level 12. HP: 88/88 MP: 21/21
 69156 | D:11     | XOM: harmless Summ miscast
 69598 | D:11     | XOM is BORED!
 69598 | D:11     | XOM: mild Divn miscast
 69624 | D:11     | XOM: cast spell 'Call Canine Familiar'
 69647 | D:11     | Reached skill level 1 in Shields
 69774 | D:10     | XOM: scenery: 1 doors close
 70196 | D:10     | XOM: harmless Trmt miscast
 70325 | D:10     | XOM: give mutations
 70325 | D:10     | Gained mutation: You are resistant to hostile enchantments. [Xom's grace]
 70325 | D:10     | Gained mutation: Your spells are much harder to cast, but much more powerful. [Xom's grace]
 70325 | D:10     | Gained mutation: You possess an exceptional clarity of mind. [Xom's grace]
 70481 | D:10     | Lost mutation: Your spells are much harder to cast, but much more powerful. [mutagenic meat]
 70482 | D:10     | Lost mutation: You are very agile. (Dex +4) [mutagenic meat]
 70787 | D:10     | XOM: scenery: 1 doors open, 1 doors close
 70803 | D:10     | XOM: god gift: 24 stones
 71156 | D:10     | XOM: give mutation
 71156 | D:10     | Gained mutation: You are covered in thick fur (AC +2). [Xom's grace]
 71191 | D:10     | XOM: divination: detect creatures
 71276 | D:10     | XOM: give mutations
 71276 | D:10     | Gained mutation: You are resistant to electric shocks. [Xom's grace]
 71276 | D:10     | Gained mutation: You are highly resistant to hostile enchantments. [Xom's grace]
 71276 | D:10     | Gained mutation: You have a pair of large antennae on your head (SInv). [Xom's grace]
 71276 | D:10     | Gained mutation: Your spells are much harder to cast, but much more powerful. [Xom's grace]
 71430 | D:10     | XOM: vitrification
 71506 | D:10     | XOM: god gift: 33 gold pieces
 72434 | D:10     | XOM: vitrification
 72457 | D:10     | XOM: give mutations
 72457 | D:10     | Lost mutation: You evolve. [Xom's grace]
 72457 | D:10     | Gained mutation: You are somewhat resistant to further mutation. [Xom's grace]
 72457 | D:10     | Gained mutation: You are somewhat resistant to both further mutation and mutation removal. [Xom's grace]
 72457 | D:10     | Gained mutation: You are very agile. (Dex +4) [Xom's grace]
 72913 | D:10     | XOM: god gift: lamp of fire
 73012 | D:10     | XOM: god gift: crooked runed rod {god gift}
 73181 | D:10     | XOM: cast spell 'Ice Form'
 73400 | D:11     | XOM: summons friendly ufetubus
 73479 | D:11     | Reached skill level 10 in Evocations
 73620 | D:11     | XOM is BORED!
 73620 | D:11     | XOM: severe Tloc miscast
 73665 | D:11     | Lost mutation: You are very agile. (Dex +4) [mutagenic glow]
 73714 | D:11     | XOM: summons friendly orange demon
 74118 | D:10     | XOM: summons friendly ufetubus
 74121 | D:10     | XOM: swap monsters
 74134 | D:10     | HP: 6/132 [poisoned by a redback]
 74139 | D:10     | HP: 3/198 [poisoned by a redback]
 74142 | D:10     | Succumbed to a redback's poison

Vault maps used:
D:1:      matt_arrival_spirals, grunt_decor_mini_mirrors,
          minmay_misc_feat_more_columns, minmay_misc_feat_room
D:2:      kennysheep_the_goblin_king, lemuel_coloured_pillars_altar,
          gammafunk_temple_overflow_elements
D:3:      old_standard_altar, item_on_display_a, uniq_grinder
D:4:      old_standard_altar, minmay_temple_entry_enclosed_plants, serial_shops,
          kennysheep_mini, first_bread, minmay_misc_feat_hallway, uniq_eustachio
D:6:      gup_sewer_entry_bowl, serial_corexii_hall, corexii_hall_statues_i,
          corexii_hall_statues_u
D:7:      uniq_prince_ribbit1
D:8:      grunt_temple_overflow_open, gammafunk_pakellas_spire_experiment
D:9:      orc_0_dummy, minmay_curled_crystal
D:10:     serial_shops, nicolae_shop_statue_plus
D:11:     david_lair_generic, lab_entry_generic
Temple:   zaba_magenta_temple_8
Lab:      labyrinth_spiral, nicolae_lab_garden

Action                   |  1- 3 |  4- 6 |  7- 9 | 10-12 || total
-------------------------+-------+-------+-------+-------++-------
Melee: Short sword       |    34 |       |       |       ||    34
       Dagger            |    50 |   111 |   177 |   445 ||   783
       Great mace        |       |       |       |    42 ||    42
       Longbow           |       |       |       |     6 ||     6
 Fire: Hunting sling     |       |     2 |       |       ||     2
       Longbow           |       |       |       |   148 ||   148
Evoke: Wand              |       |     1 |    26 |    17 ||    44
       Phial of floods   |       |       |       |     1 ||     1
       Rod               |       |       |       |     3 ||     3
       Disc of storms    |       |       |       |     1 ||     1
  Use: Scroll            |       |     1 |    11 |    11 ||    23
       Potion            |       |     1 |     7 |    12 ||    20
 Stab: Sleeping          |     8 |     3 |    10 |    27 ||    48
       Invisible         |       |     2 |       |       ||     2
       Confused          |       |       |     2 |     5 ||     7
       Distracted        |       |       |     1 |    13 ||    14
       Paralysed         |       |       |     2 |       ||     2
  Eat: Chunk             |       |     6 |    10 |    91 ||   107
       Bread ration      |       |       |     9 |       ||     9
       Meat ration       |       |       |    11 |     6 ||    17
       Beef jerky        |       |       |     2 |       ||     2
       Pizza             |       |       |     1 |       ||     1
       Fruit             |       |       |       |     1 ||     1
